 Dungeon Crawl Stone Soup version 0.19.5 (webtiles) character file.

413 JeffiDaFish the Shield-Bearer (level 6, -2/38 HPs)
             Began as a Gargoyle Fighter on Mar 11, 2017.
             Slain by a quokka (3 damage)
             ... summoned by Eustachio
             ... on level 4 of the Dungeon.
             The game lasted 00:09:58 (2457 turns).

JeffiDaFish the Shield-Bearer (Gargoyle Fighter)    Turns: 2457, Time: 00:09:58

Health: -2/38      AC: 20    Str: 20    XL:     6   Next: 91%
Magic:  5/5        EV:  6    Int:  8    God:
Gold:   181        SH: 10    Dex: 11    Spells: 0 memorised, 5 levels left

rFire  . . .     SeeInvis .     a - +1 rapier
rCold  . . .     Gourm    .     m - +0 chain mail
rNeg   + . .     Faith    .     c - +0 shield
rPois  ∞         Spirit   .     e - +1 helmet
rElec  +         Reflect  .     (no cloak)
rCorr  .         Harm     .     o - +0 pair of gloves
MR     .....                    h - +2 pair of boots
Stlth  ..........               (no amulet)
                                (no ring)
                                (no ring)

@: exhausted, slowed, very slow
A: blurry vision 1, low mp 1, negative energy resistance 1, electricity
resistance, unbreathing, petrification resistance, rot immunity, AC +4
a: no special abilities


You were on level 4 of the Dungeon.
You were not hungry.

You visited 1 branch of the dungeon, and saw 4 of its levels.

You collected 181 gold pieces.

Inventory:

Hand Weapons
 a - a +1 rapier (weapon)
Armour
 c - a +0 shield (worn)
 e - a +1 helmet (worn)
 h - a +2 pair of boots (worn)
 m - a +0 chain mail (worn)
 o - a +0 pair of gloves (worn)
Scrolls
 k - 2 scrolls of teleportation
 l - a scroll of identify
 p - a scroll of fog
Potions
 d - a potion of flight
 i - a potion of haste
Comestibles
 f - 3 bread rations
 g - 17 chunks of flesh
 j - a meat ration
 n - a slice of pizza


   Skills:
 + Level 4.1 Fighting
 + Level 3.7 Short Blades
 + Level 5.0 Armour
 + Level 1.2 Dodging
 + Level 0.2 Stealth
 + Level 5.0 Shields


You had 5 spell levels left.
You didn't know any spells.

Dungeon Overview and Level Annotations

Branches:
Dungeon (4/15)
 Temple: D:4-7

Altars:

Annotations:
D:4 Eustachio


Innate Abilities, Weirdness & Mutations

You are resistant to torment.
Your stone body is resilient. (AC +4)
You are immune to poison.
You resist negative energy. (rN+)
You are resistant to electric shocks. (rElec)
You can survive without breathing.
You are immune to petrification.
You are immune to rotting.
Scrolls take you a little longer to read.
Your magical capacity is low. (-10% MP)


Message History

The bat hits you but does no damage. You block the quokka's attack.
The bat hits you but does no damage.
You feel your anger subside.
You are no longer berserk.
You are exhausted.
You feel yourself slow down. You block the bat's attack. x2
The quokka bites you but does no damage.
The bat hits you but does no damage. You block the bat's attack.
The quokka bites you but does no damage. x2
You block the quokka's attack.
You hit the bat.
You kill the bat!
The bat's corpse disappears in a puff of smoke!
The bat hits you but does no damage. You block the quokka's attack.
The quokka bites you.
* * * LOW HITPOINT WARNING * * *
The quokka bites you but does no damage.
You block the quokka's attack. You block the bat's attack.
The quokka barely misses you. The bat hits you but does no damage.
The quokka bites you.
You die...

#################
#.!.............#
#...............#
#..........?....#
#........rr.....#
#.........@b....#
##..########...##
#+####...##...##
#....#.........#
#....#.........#
#....#.........+
#..<.#.........#
#....#.........#
#...########'###


You could see 2 quokkas and a bat.

Vanquished Creatures
  The ghost of soylentgreeen202 the Gusty, an amateur HEAE of Vehumet (D:3)
  A gnoll shaman (D:4)
  Terence (D:3)
  A worker ant (D:4)
  5 gnolls (D:4)
  5 adders
  2 oozes (D:1)
  2 worms (D:3)
  2 dart slugs
  A leopard gecko (D:2)
  5 giant cockroaches
  5 goblins (D:1)
  10 hobgoblins
  A ball python (D:1)
  7 bats
  7 frilled lizards
  5 kobolds
  9 rats
70 creatures vanquished.

Notes
Turn   | Place    | Note
-------+----------+-------------------------------------------
     0 | D:1      | JeffiDaFish the Gargoyle Fighter began the quest for the Orb.
     0 | D:1      | Reached XP level 1. HP: 14/14 MP: 1/1
   103 | D:1      | Reached XP level 2. HP: 19/19 MP: 2/2
   353 | D:1      | Reached XP level 3. HP: 22/24 MP: 3/3
   407 | D:1      | Gained mutation: Scrolls take you a little longer to read. [potion of mutation]
   407 | D:1      | Gained mutation: Your magical capacity is low. (-10% MP) [potion of mutation]
   974 | D:2      | Reached XP level 4. HP: 29/29 MP: 3/3
  1694 | D:3      | Noticed Terence
  1733 | D:3      | Killed Terence
  1733 | D:3      | Reached skill level 1 in Dodging
  1733 | D:3      | Reached XP level 5. HP: 26/33 MP: 4/4
  1840 | D:3      | Noticed soylentgreeen202's ghost (amateur HEAE)
  1861 | D:3      | Killed soylentgreeen202's ghost
  1861 | D:3      | Reached XP level 6. HP: 33/38 MP: 5/5
  2336 | D:4      | Reached skill level 5 in Shields
  2342 | D:4      | Reached skill level 5 in Armour
  2417 | D:4      | Noticed Eustachio
  2456 | D:4      | HP: 1/38 [quokka[Eustachio] (2)]
  2457 | D:4      | Slain by a quokka

Skill      XL: |  1  2  3  4  5  6 |
---------------+-------------------+-----
Short Blades   | 2 3 |  3.7
Armour         | 4 5 |  5.0
Shields        | 4 5 |  5.0
Dodging        | 1 |  1.2
Fighting       | 4 |  4.1
Stealth        | |  0.2

Action                   |  1- 3 |  4- 6 || total
-------------------------+-------+-------++-------
Melee: Rapier            |   132 |   236 ||   368
  Use: Scroll            |     4 |     4 ||     8
       Potion            |     2 |     5 ||     7
  Eat: Chunk             |       |     6 ||     6
Armor: Scale mail        |    59 |    47 ||   106
       Chain mail        |       |   129 ||   129
Dodge: Dodged            |    39 |    73 ||   112
Block: Shield            |    63 |   165 ||   228
